 Dungeon Crawl Stone Soup version 0.26.1-11-gd32895ea62 (webtiles) character file.

Game seed: 12316591328838680368

29 Zeld the Twirler (level 3, -10/24 HPs)
             Began as an Octopode Gladiator on May 22, 2021.
             Mangled by Menkaure (22 damage)
             ... on level 4 of the Dungeon.
             The game lasted 00:00:36 (312 turns).

Zeld the Twirler (Octopode Gladiator)                Turns: 312, Time: 00:00:37

Health: -10/24     AC:  1    Str: 14    XL:     3   Next: 16%
Magic:  3/3        EV: 14    Int: 10    God:
Gold:   21         SH:  0    Dex: 13    Spells: 2/2 levels left

rFire    . . .     SeeInvis .   a - +0 quarterstaff
rCold    . . .     Faith    .   (shield currently unavailable)
rNeg     . . .     Spirit   .   b - +0 hat
rPois    .         Reflect  .   (no amulet)
rElec    .         Harm     .   (no ring)
rCorr    .         Rampage  .   (no ring)
Will     .....                  (no ring)
Stlth    ++........             (no ring)
HPRegen  0.08/turn              (no ring)
MPRegen  0.08/turn              (no ring)
                                (no ring)
                                (no ring)

@: no status effects
A: almost no armour, stealthy swim, amphibious, 8 rings, constrict 8, camouflage
1, gelatinous body 1
a: no special abilities


You were on level 4 of the Dungeon.
You visited 1 branch of the dungeon, and saw 4 of its levels.

You collected 21 gold pieces.

Inventory:

Hand Weapons
 a - a +0 quarterstaff (weapon)
Missiles
 c - 3 throwing nets (quivered)
Armour
 b - a +0 hat (worn)
Scrolls
 d - 2 scrolls of identify {unknown}
Potions
 e - a potion of heal wounds {unknown}
 f - a potion of lignification {unknown}


   Skills:
 - Level 2.0 Fighting
 * Level 4.2 Staves
 - Level 2.0 Throwing
 - Level 3.0 Dodging


You had 2 spell levels left.
You didn't know any spells.
Your spell library contained the following spells:

 Spells                   Type           Power        Failure   Level
 Beastly Appendage        Tmut           0%           36%         1
 Wereblood                Tmut           0%           50%         2
 Spider Form              Tmut/Pois      0%           75%         3
 Ice Form                 Ice/Tmut       0%           98%         4
 Blade Hands              Tmut           0%           100%        5


Dungeon Overview and Level Annotations

Branches:
Dungeon (4/15)
 Temple: D:4-7

Altars:
Uskayaw

Annotations:
D:4 Menkaure


Innate Abilities, Weirdness & Mutations

You cannot wear most types of armour.
You are very stealthy in the water. (Stealth+)
You are amphibious.
You can wear up to eight rings at the same time.
You can use your tentacles to constrict eight enemies at once.
Your skin changes colour to match your surroundings (Stealth+).
Your rubbery body absorbs attacks. (AC +1, EV +1)


Message History

f - a purple potion
There is a stone staircase leading down, spattered with blood here.
Things that are here:
a +0 falchion; an orc corpse You climb downwards.
A frilled lizard and Menkaure come into view.
Found a robe and a small zirconium amulet.
There is a stone staircase leading up here.
An adder comes into view.
Menkaure shouts!
The adder hisses angrily.
The frilled lizard hisses angrily.
You closely miss Menkaure. You grab Menkaure. You constrict Menkaure.
Menkaure hits you.
You are too injured to fight recklessly!
You are too injured to fight recklessly!
You are too injured to fight recklessly!
You hit Menkaure. You squeeze Menkaure!
Menkaure is moderately damaged.
You constrict Menkaure. Menkaure hits you!!
Ouch! That really hurt!
You die...

##### #...# .
######...####...
............S...
.......<@.....#
.........M......
######...##+####
#...# #..l#
#..[. .....
..."...


You could see Menkaure, an adder and a frilled lizard.

Vanquished Creatures
  An adder (D:3)
  A dart slug (D:2)
  3 orcs (D:3)
  A goblin (D:3)
  A hobgoblin (D:3)
  4 jackals (D:3)
  2 kobolds
13 creatures vanquished.

Notes
Turn   | Place    | Note
-------+----------+-------------------------------------------
     0 | D:1      | Zeld the Octopode Gladiator began the quest for the Orb.
     0 | D:1      | Reached XP level 1. HP: 14/14 MP: 1/1
    96 | D:3      | Reached XP level 2. HP: 17/19 MP: 2/2
   265 | D:3      | Reached skill level 4 in Staves
   294 | D:3      | Found a hide-covered altar of Uskayaw.
   301 | D:3      | Reached XP level 3. HP: 24/24 MP: 3/3
   309 | D:4      | Noticed Menkaure
   312 | D:4      | Mangled by Menkaure

Illustrated notes

Levels and vault maps discovered:
D:1:      dpeg_arrival_fog, layout_rooms
D:2:      layout_loops_ring, nzn_hepliaklqana_mist_gate,
          wad_floor_pattern_untrapped
D:3:      layout_basic, eat_drink_and_be_merry_uskayaw,
          overflow_temple_1_default
D:4:      minmay_angry_zag, layout_basic, temple_doors_cd, uniq_menkaure

Skill      XL: |  1  2 |
---------------+-------+-----
Staves         | 4 |  4.2
Fighting       | |  2.0
Throwing       | |  2.0
Dodging        | |  3.0

Action                   || total
-------------------------++-------
Melee: Quarterstaff      ||    22
       Constrict         ||     6
       Tentacles         ||     5
Dodge: Dodged            ||     7
